 Dungeon Crawl Stone Soup version 0.31-a0-188-g5e087ee2ca (webtiles) character file.

Game seed: 1097813451533114907

168 qw the Skirmisher (level 5, 0/29 HPs)
             Began as a Deep Elf Hunter on June 23, 2023.
             Slain by a gnoll
             ... wielding a +0 spear
              (6 damage)
             ... on level 4 of the Dungeon.
             The game lasted 00:00:52 (2252 turns).

qw the Skirmisher (Deep Elf Hunter)                 Turns: 2252, Time: 00:00:52

Health: 0/29       AC: 10    Str: 10    XL:     5   Next: 23%
Magic:  7/7        EV:  9    Int: 14    God:
Gold:   135        SH:  0    Dex: 18    Spells: 4/4 levels left

rFire   . . .        b - +0 shortbow (heavy)
rCold   . . .        (shield currently unavailable)
rNeg    . . .        g - +0 scale mail
rPois   +            k - +0 helmet
rElec   .            e - +0 cloak
rCorr   .            (no gloves)
SInv    .            d - +0 pair of boots
Will    +....        (no amulet)
Stlth   +            l - +4 ring of protection
HPRegen 0.24/turn    c - ring of willpower
MPRegen 0.10/turn

%: no passive effects
@: about to teleport
A: deformed body, poison resistance, noise suppression
a: no special abilities


You were on level 4 of the Dungeon.
You visited 2 branches of the dungeon, and saw 5 of its levels.

You collected 135 gold pieces.


Innate Abilities, Weirdness & Mutations

Armour fits poorly on your strangely shaped body.
Your system is resistant to poisons. (rPois)
You passively dampen the noise of your surroundings.


   Skills:
 - Level 1.5 Fighting
 - Level 8.6 Ranged Weapons
 + Level 0.4 Armour
 - Level 2.4 Dodging
 - Level 1.2 Stealth


You had 4 spell levels left.
You didn't know any spells.
Your spell library was empty.

Inventory:

Hand Weapons
 b - a +0 heavy shortbow (weapon)
Armour
 d - a +0 pair of boots (worn)
 e - a +0 cloak (worn)
 g - a +0 scale mail (worn)
 k - a +0 helmet (worn)
Jewellery
 c - a ring of willpower (right hand)
 l - a +4 ring of protection (left hand)
Scrolls
 n - a scroll of identify {unknown}
Potions
 f - a potion of enlightenment
 h - a potion of resistance {unknown}
 i - a potion of heal wounds
 j - 3 potions of mutation
 m - 2 potions of curing

Dungeon Overview and Level Annotations

Branches:
Dungeon (4/15)             Temple (1/1) D:4

Altars:
Cheibriados
Dithmenos
Elyvilon
Hepliaklqana
Qazlal
Ru
Sif Muna
Trog
Uskayaw
Vehumet
Wu Jian
Xom
Zin


Message History

You kill the dart slug!
m - 2 potions of curing (gained 1)
A gnoll comes into view. It is wielding a +0 whip.
The gnoll shouts!
A gnoll comes into view. It is wielding a +0 spear.
The gnoll moves out of view.
Enter note: You shoot an arrow.
The gnoll shouts!
The arrow hits the gnoll.
The gnoll is lightly wounded.
You hear a shout!
You shoot an arrow. The arrow closely misses the gnoll.
A gnoll comes into view. It is wielding a +0 club.
You shoot an arrow.
The arrow hits the gnoll but does no damage.
The gnoll is lightly wounded.
You shoot an arrow.
The arrow hits the gnoll but does no damage.
The gnoll hits you with a +0 whip. The gnoll closely misses you.
You shoot an arrow. The arrow hits the gnoll!
The gnoll is severely wounded.
The gnoll misses you.
The gnoll hits you but does no damage. x2
The gnoll hits you from afar with a +0 spear.
You shoot an arrow. The arrow barely misses the gnoll.
The gnoll hits you with a +0 whip.
The gnoll hits you from afar with a +0 spear.
You shoot an arrow. The arrow closely misses the gnoll.
The gnoll hits you with a +0 whip. The gnoll hits you but does no damage.
The gnoll hits you with a +0 whip. The gnoll barely misses you.
You shoot an arrow. The arrow barely misses the gnoll.
The gnoll closely misses you.
The gnoll hits you from afar with a +0 spear.
The gnoll hits you with a +0 whip. The gnoll barely misses you.
2252 ||| READING scroll of teleportation.
As you read the scroll of teleportation, it crumbles to dust.
You feel strangely unstable. The gnoll barely misses you.
The gnoll hits you from afar with a +0 spear.
You die...

.#.)# ###.# #.#.....#
.#..# #.#.## #.#......
..... #.+..# #.#......
.#.### #.#..# #.#####..
.... #.#..####+####...
#.#..##.........#
#....##....#.....
##....##.......#..
#@...........###..
.....gg..............#..
....#.........#####.....
.. #.............##...#
##.....##.....###...
#.....###....# ##..
#.....# #....####..
#####.# #....'.....
#....###...


You could see 2 gnolls.

Vanquished Creatures
  An orc priest (D:3)
  Terence (D:3)
  An adder (D:2)
  5 dart slugs
  4 orcs (D:3)
  9 ball pythons
  5 bats
  11 endoplasms
  8 giant cockroaches
  6 goblins
  7 hobgoblins
  4 quokkas
  9 kobolds
  5 rats
76 creatures vanquished.

Notes
Turn   | Place    | Note
-------+----------+-------------------------------------------
     0 | D:1      | qw the Deep Elf Hunter began the quest for the Orb.
     0 | D:1      | Reached XP level 1. HP: 12/12 MP: 3/3
     0 | D:1      | 0 ||| qw: Version: 0.3-a-9-g12657ce
     0 | D:1      | 0 ||| qw: Game counter: 3389
     0 | D:1      | 0 ||| qw: Always use a shield: true
     0 | D:1      | 0 ||| qw: God list: Okawaru
     0 | D:1      | 0 ||| qw: Allow faded altars: false
     0 | D:1      | 0 ||| qw: Do Orc after D:15 true
     0 | D:1      | 0 ||| qw: Do second Lair branch before Depths: true
     0 | D:1      | 0 ||| qw: Lair rune preference: random
     0 | D:1      | 0 ||| qw: Plans: Normal
     0 | D:1      | 0 ||| PLANNING D:1-11
    86 | D:1      | Reached skill level 6 in Ranged Weapons
    86 | D:1      | Reached XP level 2. HP: 16/16 MP: 4/4
   323 | D:1      | Reached XP level 3. HP: 20/20 MP: 5/5
   658 | D:1      | 658 ||| UPGRADING to +4 ring of protection.
   659 | D:1      | 659 ||| READING 2 scrolls labelled TEMIES GUDAO.
   662 | D:1      | 662 ||| READING scroll labelled CAEN ACOTOUKU.
   700 | D:1      | 700 ||| READING scroll labelled ENERUROAPSA.
   701 | D:1      | 701 ||| READING scroll labelled EMUCIAKL RINA.
   702 | D:1      | 702 ||| DRINKING 2 sedimented pink potions.
   703 | D:1      | 703 ||| DRINKING 2 clear potions.
   703 | D:1      | Gained mutation: You passively dampen the noise of your
                  | surroundings. [potion of mutation]
   703 | D:1      | Gained mutation: Armour fits poorly on your strangely
                  | shaped body. [potion of mutation]
   703 | D:1      | Gained mutation: Your system is resistant to poisons.
                  | (rPois) [potion of mutation]
   704 | D:1      | 704 ||| DROPPING scroll of butterflies.
   770 | D:2      | Found a hazy altar of Hepliaklqana.
   793 | D:2      | Reached skill level 7 in Ranged Weapons
   933 | D:2      | Reached XP level 4. HP: 19/25 MP: 6/6
   988 | D:2      | Noticed a floating eye
   990 | D:2      | Found a faded altar of an unknown god.
   993 | D:2      | Noticed a great orb of eyes
   993 | D:2      | Noticed an eye of devastation
   993 | D:2      | Noticed a floating eye
  1364 | D:2      | 1364 ||| UPGRADING to +0 pair of boots.
  1369 | D:2      | 1369 ||| UPGRADING to +0 helmet.
  1374 | D:2      | 1374 ||| READING scroll labelled SOURISK ILIPA.
  1375 | D:2      | 1375 ||| READING scroll labelled FOSHRU VASOPO.
  1376 | D:2      | 1376 ||| READING scroll labelled LOR ZOUVAUFF.
  1377 | D:2      | 1377 ||| READING 2 scrolls labelled MYRRIUSODYG.
  1378 | D:2      | 1378 ||| DRINKING 3 blue potions.
  1379 | D:2      | 1379 ||| DROPPING 2 potions of brilliance.
  1380 | D:2      | 1380 ||| DROPPING scroll of vulnerability.
  1459 | D:3      | Noticed Terence
  1462 | D:3      | Killed Terence
  1491 | D:3      | Reached skill level 8 in Ranged Weapons
  1632 | D:3      | Reached XP level 5. HP: 21/29 MP: 7/7
  1672 | D:3      | 1672 ||| FLEEEEING.
  1847 | D:3      | 1847 ||| UPGRADING to +0 cloak.
  1852 | D:3      | 1852 ||| UPGRADING to +0 scale mail.
  1862 | D:3      | 1862 ||| DROPPING +0 leather armour.
  1863 | D:3      | 1863 ||| READING scroll labelled TEKKOP ACUM.
  1863 | D:3      | Identified a scroll of acquirement
  1863 | D:3      | 1863 ||| ACQUIRING ring of willpower
  1863 | D:3      | Acquired a ring of willpower
  1865 | D:3      | 1865 ||| UPGRADING to ring of willpower.
  2031 | D:4      | Found a staircase to the Ecumenical Temple.
  2032 | D:4      | 2032 ||| PLANNING TEMPLE
  2032 | D:4      | 2032 ||| DRINKING 2 cyan potions.
  2033 | D:4      | 2033 ||| DRINKING 2 golden potions.
  2040 | Temple   | Entered the Ecumenical Temple
  2181 | Temple   | 2181 ||| PLANNING D:1-11
  2251 | D:4      | HP: 7/29 [gnoll/+0 spear (3)]
  2252 | D:4      | 2252 ||| READING scroll of teleportation.
  2252 | D:4      | Slain by a gnoll

Levels and vault maps discovered:
D:1:      sevenhm_arrival_forest_fort_small_4, layout_loops_ring,
          grunt_decor_one_mirror, dreamdust_princess_bridge, minmay_tripent
D:2:      layout_basic, hellmonk_ecumenical_altar_watching_god, basic_altar
D:3:      layout_rooms, uniq_terence
D:4:      layout_basic, marbit_many_paths,
          mainiacjoe_overflow_concentric_impassable, fedhas_ov_isle_minmay,
          minmay_temple_entry_tees
Temple:   hellmonk_temple_forest_ring

Skill      XL: |  1  2  3  4 |
---------------+-------------+-----
Ranged Weapons | 6 7 8 |  8.6
Fighting       | |  1.5
Armour         | |  0.4
Dodging        | |  2.4
Stealth        | |  1.2

Action                     |  1- 3 |  4- 6 || total
---------------------------+-------+-------++-------
   Fire: Shortbow          |    84 |    59 ||   143
    Use: Scroll            |     4 |     6 ||    10
         Potion            |     2 |     3 ||     5
 Armour: Leather armour    |    10 |       ||    10
         Scale mail        |       |     3 ||     3
  Dodge: Dodged            |    11 |     6 ||    17

Table legend:
 A = Non-vault XP
 B = Vault XP
 C = Vault XP percentage of total XP
 D = Non-vault monster count
 E = Vault monster count
 F = Vault count percentage of total count
                 A         B        C        D         E       F
            +---------+---------+-------+---------+---------+-------
      Total |     198 |      42 |  17.5 |      73 |       3 |   3.9
            +---------+---------+-------+---------+---------+-------
        D:1 |      52 |       4 |   7.1 |      28 |       2 |   6.7
        D:2 |      51 |       0 |   0.0 |      21 |       0 |   0.0
        D:3 |      79 |      38 |  32.5 |      17 |       1 |   5.6
        D:4 |      16 |       0 |   0.0 |       7 |       0 |   0.0
            +---------+---------+-------+---------+---------+-------
